 Dungeon Crawl Stone Soup version 0.27-a0-1281-ge233d83751 (webtiles) character file.

Game seed: 11265823614041756410

7 Tumalu the Chopper (level 1, -1/28 HPs)
             Began as a Palentonga Berserker on June 13, 2021.
             Was a Follower of Trog.
             Slain by a kobold (2 damage)
             ... on level 1 of the Dungeon.
             The game lasted 00:00:47 (343 turns).

Tumalu the Chopper (Palentonga Berserker)            Turns: 343, Time: 00:00:47

Health: -1/28      AC:  5    Str: 20    XL:     1   Next: 83%
Magic:  1/1        EV:  9    Int:  7    God:    Trog [*.....]
Gold:   0          SH:  0    Dex:  9    Spells: 0/0 levels left

rFire    . . .     SeeInvis +   a - +0 hand axe
rCold    . . .     Faith    .   (no shield)
rNeg     . . .     Spirit   .   b - +0 animal skin
rPois    .         Reflect  .   (no helmet)
rElec    .         Harm     .   d - +0 cloak
rCorr    .         Rampage  .   (no gloves)
Will     .....                  (no barding)
Stlth    ..........             (no amulet)
HPRegen  0.09/turn              (no ring)
MPRegen  0.07/turn              (no ring)

@: berserking, very quick
A: large, rugged brown scales 3, see invisible, deformed body, roll 1, armoured
tail
a: Rolling Charge, Renounce Religion, Berserk


You were on level 1 of the Dungeon.
You worshipped Trog.
Trog was aware of your devotion.
You visited 1 branch of the dungeon, and saw 1 of its levels.

Inventory:

Hand Weapons
 a - a +0 hand axe (weapon)
Armour
 b - a +0 animal skin (worn)
 d - a +0 cloak (worn)
Scrolls
 c - a scroll of noise {unknown}


   Skills:
 - Level 3.0 Fighting
 + Level 3.5 Axes
 - Level 1.5 Armour
 - Level 1.5 Dodging


You couldn't memorise any spells.
You didn't know any spells.
Your spell library was empty.

Dungeon Overview and Level Annotations

Branches:
Dungeon (1/15)

Altars:


Innate Abilities, Weirdness & Mutations

You are completely covered in rugged brown scales. (AC +3, +7% HP)
You have supernaturally acute eyesight. (SInv)
Armour fits poorly on your strangely shaped body.
You can roll at nearby foes to attack.
You have a long armoured tail.


Message History

The ball python barely misses you.
You barely miss the ball python. You tail-slap the ball python.
You kill the ball python!
Trog accepts your kill.
You closely miss the hobgoblin. The bat barely misses you.
The hobgoblin misses you.
You hit the hobgoblin but do no damage. The bat closely misses you.
The hobgoblin barely misses you.
The goblin hits you with a +2 dagger of holy wrath.
The hobgoblin hits you.
You hit the hobgoblin but do no damage. You hit the goblin.
The hobgoblin barely misses you.
The goblin hits you with a +2 dagger of holy wrath.
You hit the goblin but do no damage.
Your tail-slap misses the goblin.
The goblin is heavily wounded.
You closely miss the hobgoblin.
A kobold comes into view. It is wielding a +0 spear.
The hobgoblin hits you but does no damage.
The goblin barely misses you.
You closely miss the goblin.
The goblin is heavily wounded.
You barely miss the hobgoblin.
The kobold shouts!
The kobold throws a stone.
The stone hits you but does no damage. The hobgoblin hits you.
The goblin hits you with a +2 dagger of holy wrath.
* * * LOW HITPOINT WARNING * * *
The kobold throws a stone.
The stone hits you but does no damage. The kobold hits you with a +0 spear.
* * * LOW HITPOINT WARNING * * *
Found a metal-bound book.
The kobold barely misses you.
A red film seems to cover your vision as you go berserk!
You feel yourself moving faster!
You feel mighty!
The kobold hits you from afar with a +0 spear.
* * * LOW HITPOINT WARNING * * *
The hobgoblin barely misses you.
You closely miss the hobgoblin.
The kobold hits you from afar with a +0 spear.
You die...

#.# #....#.##.#.##
#..
#.#.###..###.#####.#
#..## ##.# ##......#
###.###..###.#####.#
##)#.##.#.##
##.####.## #.# ###
#########K##
#:.....@gb.#
#.#######g.# #..#
#..# #..# #†.# #...#
#.... #.....


You could see a hobgoblin, a goblin, a bat and a kobold.

Vanquished Creatures
  A giant cockroach (D:1)
  A hobgoblin (D:1)
  A quokka (D:1)
  2 ball pythons (D:1)
  A frilled lizard (D:1)
  A rat (D:1)
7 creatures vanquished.

Notes
Turn   | Place    | Note
-------+----------+-------------------------------------------
     0 | D:1      | Tumalu the Palentonga Berserker began the quest for the
                  | Orb.
     0 | D:1      | Reached XP level 1. HP: 19/19 MP: 1/1
   342 | D:1      | HP: 1/28 [kobold (1)]
   343 | D:1      | Slain by a kobold

Illustrated notes

Levels and vault maps discovered:
D:1:      lightli_arrival_statue_moat, layout_loops_ring,
          shapermc_ecumenical_altar_mp_urbaneastern, minmay_pentomino_v2

Action                   || total
-------------------------++-------
Melee: Hand axe          ||    36
       Tailslap          ||     1
Invok: Berserk           ||     1
Armor: Animal skin       ||    18
Dodge: Dodged            ||    28

Table legend: (Time is in decaauts)
 A = Elapsed time spent in this place.
 B = Non-inter-level travel time spent in this place.
 C = Inter-level travel time spent in this place.
 D = Time resting spent in this place.
 E = Time spent auto-exploring this place.
 F = Levels seen in this place.
 G = Mean time per level.
                   A        B        C        D        E       F      G
               +--------+--------+--------+--------+--------+-----+--------+
         Total |    347 |    347 |      0 |    147 |    129 |   1 |  347.0 |
       Dungeon |    347 |    347 |      0 |    147 |    129 |   1 |  347.0 |
               +--------+--------+--------+--------+--------+-----+--------+

Top non-repeatable levels by time:
     D:1: 347 daAuts
